 Dungeon Crawl Stone Soup version 0.17-a0-1831-gaadb308 (webtiles) character file.

62 ololoev the Conjurer (level 3, -2/26 HPs)
             Began as a Draconian Conjurer on Sept 14, 2015.
             Killed from afar by Ijyb (6 damage)
             ... with a wand of magic darts
             ... on level 2 of the Dungeon.
             The game lasted 00:03:16 (1536 turns).

ololoev the Conjurer (Draconian Conjurer)           Turns: 1536, Time: 00:03:16

Health: -2/26      AC:  6    Str: 10    XL:     3   Next: 85%
Magic:  1/7        EV: 12    Int: 16    God:
Gold:   4          SH:  0    Dex: 11    Spells: 2 memorised, 4 levels left

rFire  . . .     SeeInvis .     h - +0 dagger (pain)
rCold  + . .     Clarity  .     (armour unavailable)
rNeg   . . .     SustAt   .     (no shield)
rPois  .         Gourm    .     (helmet restricted)
rElec  .         Spirit   .     (no cloak)
rCorr  .         Warding  .     d - +0 pair of gloves
rMut   .         Stasis   .     (no boots)
MR     .....                    (no amulet)
Stlth  ++........               (no ring)
                                e - ring of protection from cold

@: not resistant to hostile enchantments, unstealthy
A: unfitting armour, cold-blooded, AC +5
a: no special abilities


Innate Abilities, Weirdness & Mutations

Your plain brown scales are hard (AC +5).
Your body does not fit into most forms of armour.
You are cold-blooded and may be slowed by cold attacks.

Inventory:

Hand weapons
 h - a +0 dagger of pain (weapon)
Armour
 d - a +0 pair of gloves (worn)
Jewellery
 e - a ring of protection from cold (left hand)
Scrolls
 f - 4 scrolls of identify {unknown}
 g - a scroll of remove curse {unknown}
 j - a scroll of fog {unknown}
Potions
 i - a potion of flight {unknown}
Books
 a - a book of Conjurations

   Spells                             Type                      Level
   a - Magic Dart                     Conjuration                  1
   b - Searing Ray                    Conjuration                  2
   c - Dazzling Spray                 Conjuration/Hexes            3
   d - Fulminant Prism                Conjuration/Hexes            4
   e - Iskenderun's Mystic Blast      Conjuration                  4
   f - Iskenderun's Battlesphere      Conjuration/Charms           5
Comestibles
 b - a bread ration
 c - a meat ration
 k - 4 chunks of flesh


   Skills:
 - Level 1.7 Dodging
 - Level 1.7 Stealth
 + Level 2.9 Spellcasting
 * Level 5.0 Conjurations


You had 4 spell levels left.
You knew the following spells:

 Your Spells              Type           Power        Failure   Level  Hunger
a - Magic Dart            Conj           ###.         2%          1    #......
b - Searing Ray           Conj           ###...       4%          2    ##.....


You were on level 2 of the Dungeon.
You were not hungry.

You visited 1 branch of the dungeon, and saw 2 of its levels.

You collected 4 gold pieces.

#############
#...'.@.....#
#...'†g.....+
#...#.......#
#...##########
#............#
#............#
##+##.....##+#
#.....#
#.†...#

Notes
Turn   | Place    | Note
--------------------------------------------------------------
     0 | D:1      | ololoev the Draconian Conjurer began the quest for the Orb.
     0 | D:1      | Reached XP level 1. HP: 14/14 MP: 3/3
   212 | D:1      | Reached XP level 2. HP: 8/20 MP: 0/5
   235 | D:1      | Learned a level 2 spell: Searing Ray
   680 | D:1      | Reached XP level 3. HP: 20/26 MP: 6/6
   856 | D:1      | Found a shimmering altar of Xom.
  1524 | D:2      | Noticed Ijyb
  1528 | D:2      | Reached skill level 5 in Conjurations
  1536 | D:2      | Killed from afar by Ijyb

Dungeon Overview and Level Annotations

Branches:
Dungeon (2/15)

Altars:
Xom

Annotations:
D:2 Ijyb


Message History

A dagger.
The floor.
You see here a jackal corpse.
You completely miss the goblin.
The goblin is severely wounded.
Ijyb zaps a wand.
The magic dart hits you! The goblin hits you but does no damage.
You closely miss the goblin.
The goblin is severely wounded.
Ijyb zaps a wand.
The magic dart hits you! The goblin barely misses you.
You barely miss the goblin.
Your tail-slap misses the goblin.
The goblin is severely wounded.
Ijyb hits you but does no damage.
You closely miss the goblin.
The goblin is severely wounded.
The goblin hits you but does no damage.
Ijyb screams, "Level is mine!
All mine!"
Ijyb zaps a wand.
The magic dart hits you!
You are too injured to fight recklessly!
You are too injured to fight recklessly!
You are too injured to fight recklessly!
You are too injured to fight recklessly!
You are too injured to fight recklessly!
You are too injured to fight recklessly!
You are too injured to fight recklessly!
You are too injured to fight recklessly!
You are too injured to fight recklessly!
You are too injured to fight recklessly!
You are too injured to fight recklessly!
You are too injured to fight recklessly!
You are too injured to fight recklessly!
You are too injured to fight recklessly!
You are too injured to fight recklessly!
You are too injured to fight recklessly!
You are too injured to fight recklessly!
You hit the goblin.
You kill the goblin!
Ijyb zaps a wand.
The magic dart hits you!
Ijyb zaps a wand.
The magic dart hits you!
You die...

You could see Ijyb.

Vanquished Creatures
  An adder (D:2)
  An ooze (D:1)
  2 giant geckos (D:1)
  A ball python (D:2)
  5 bats
  16 goblins
  2 hobgoblins (D:1)
  3 giant cockroaches (D:1)
  A giant newt (D:1)
  4 jackals
  7 kobolds
  3 rats
46 creatures vanquished.

Action                   || total
-------------------------++-------
Melee: Unarmed           ||   182
       Dagger            ||    29
 Cast: Magic Dart        ||    28
       Searing Ray       ||     7
  Use: Potion            ||     1
  Eat: Chunk             ||     3

Vault maps used:
D:1:      minmay_arrival_nine_rooms, hangedman_decor_push, xom_teletrap_fun
D:2:      kennysheep_goblin_castle, lemuel_crystal_altar,
          corexii_leaking_fountain
